Workbook

Sheet Synthèse
A2: Trésorerie | C2: Janvier | D2: Février | E2: Mars | F2: Avril | G2: Mai | H2: Juin | I2: Juillet | J2: Août | K2: Septembre | L2: Octobre | M2: Novembre | N2: Décembre
A3: Dons | B3: Recettes | C3: =SUMPRODUCT((MONTH(Tableau2[Date])=1+COLUMN()-3)*(Tableau2[Type de recette]=Synthèse!$A3)*(Tableau2[Montant])) -> 550 | D3: =SUMPRODUCT((MONTH(Tableau2[Date])=1+COLUMN()-3)*(Tableau2[Type de recette]=Synthèse!$A3)*(Tableau2[Montant])) -> 0 | E3: =SUMPRODUCT((MONTH(Tableau2[Date])=1+COLUMN()-3)*(Tableau2[Type de recette]=Synthèse!$A3)*(Tableau2[Montant])) -> 0 | F3: =SUMPRODUCT((MONTH(Tableau2[Date])=1+COLUMN()-3)*(Tableau2[Type de recette]=Synthèse!$A3)*(Tableau2[Montant])) -> 0 | G3: =SUMPRODUCT((MONTH(Tableau2[Date])=1+COLUMN()-3)*(Tableau2[Type de recette]=Synthèse!$A3)*(Tableau2[Montant])) -> 0 | H3: =SUMPRODUCT((MONTH(Tableau2[Date])=1+COLUMN()-3)*(Tableau2[Type de recette]=Synthèse!$A3)*(Tableau2[Montant])) -> 0 | I3: =SUMPRODUCT((MONTH(Tableau2[Date])=1+COLUMN()-3)*(Tableau2[Type de recette]=Synthèse!$A3)*(Tableau2[Montant])) -> 0 | J3: =SUMPRODUCT((MONTH(Tableau2[Date])=1+COLUMN()-3)*(Tableau2[Type de recette]=Synthèse!$A3)*(Tableau2[Montant])) -> 0 | ... N3: =SUMPRODUCT((MONTH(Tableau2[Date])=1+COLUMN()-3)*(Tableau2[Type de recette]=Synthèse!$A3)*(Tableau2[Montant])) -> 0
A4: Subventions | C4: =SUMPRODUCT((MONTH(Tableau2[Date])=1+COLUMN()-3)*(Tableau2[Type de recette]=Synthèse!$A4)*(Tableau2[Montant])) -> 0 | D4: =SUMPRODUCT((MONTH(Tableau2[Date])=1+COLUMN()-3)*(Tableau2[Type de recette]=Synthèse!$A4)*(Tableau2[Montant])) -> 0 | E4: =SUMPRODUCT((MONTH(Tableau2[Date])=1+COLUMN()-3)*(Tableau2[Type de recette]=Synthèse!$A4)*(Tableau2[Montant])) -> 200 | F4: =SUMPRODUCT((MONTH(Tableau2[Date])=1+COLUMN()-3)*(Tableau2[Type de recette]=Synthèse!$A4)*(Tableau2[Montant])) -> 150 | G4: =SUMPRODUCT((MONTH(Tableau2[Date])=1+COLUMN()-3)*(Tableau2[Type de recette]=Synthèse!$A4)*(Tableau2[Montant])) -> 0 | H4: =SUMPRODUCT((MONTH(Tableau2[Date])=1+COLUMN()-3)*(Tableau2[Type de recette]=Synthèse!$A4)*(Tableau2[Montant])) -> 0 | I4: =SUMPRODUCT((MONTH(Tableau2[Date])=1+COLUMN()-3)*(Tableau2[Type de recette]=Synthèse!$A4)*(Tableau2[Montant])) -> 0 | J4: =SUMPRODUCT((MONTH(Tableau2[Date])=1+COLUMN()-3)*(Tableau2[Type de recette]=Synthèse!$A4)*(Tableau2[Montant])) -> 0 | ... N4: =SUMPRODUCT((MONTH(Tableau2[Date])=1+COLUMN()-3)*(Tableau2[Type de recette]=Synthèse!$A4)*(Tableau2[Montant])) -> 500
A5: Mécénat | C5: =SUMPRODUCT((MONTH(Tableau2[Date])=1+COLUMN()-3)*(Tableau2[Type de recette]=Synthèse!$A5)*(Tableau2[Montant])) -> 0 | D5: =SUMPRODUCT((MONTH(Tableau2[Date])=1+COLUMN()-3)*(Tableau2[Type de recette]=Synthèse!$A5)*(Tableau2[Montant])) -> 225 | E5: =SUMPRODUCT((MONTH(Tableau2[Date])=1+COLUMN()-3)*(Tableau2[Type de recette]=Synthèse!$A5)*(Tableau2[Montant])) -> 0 | F5: =SUMPRODUCT((MONTH(Tableau2[Date])=1+COLUMN()-3)*(Tableau2[Type de recette]=Synthèse!$A5)*(Tableau2[Montant])) -> 0 | G5: =SUMPRODUCT((MONTH(Tableau2[Date])=1+COLUMN()-3)*(Tableau2[Type de recette]=Synthèse!$A5)*(Tableau2[Montant])) -> 100 | H5: =SUMPRODUCT((MONTH(Tableau2[Date])=1+COLUMN()-3)*(Tableau2[Type de recette]=Synthèse!$A5)*(Tableau2[Montant])) -> 0 | I5: =SUMPRODUCT((MONTH(Tableau2[Date])=1+COLUMN()-3)*(Tableau2[Type de recette]=Synthèse!$A5)*(Tableau2[Montant])) -> 0 | J5: =SUMPRODUCT((MONTH(Tableau2[Date])=1+COLUMN()-3)*(Tableau2[Type de recette]=Synthèse!$A5)*(Tableau2[Montant])) -> 0 | ... N5: =SUMPRODUCT((MONTH(Tableau2[Date])=1+COLUMN()-3)*(Tableau2[Type de recette]=Synthèse!$A5)*(Tableau2[Montant])) -> 0
A6: Bar | C6: =SUMPRODUCT((MONTH(Tableau2[Date])=1+COLUMN()-3)*(Tableau2[Type de recette]=Synthèse!$A6)*(Tableau2[Montant])) -> 0 | D6: =SUMPRODUCT((MONTH(Tableau2[Date])=1+COLUMN()-3)*(Tableau2[Type de recette]=Synthèse!$A6)*(Tableau2[Montant])) -> 0 | E6: =SUMPRODUCT((MONTH(Tableau2[Date])=1+COLUMN()-3)*(Tableau2[Type de recette]=Synthèse!$A6)*(Tableau2[Montant])) -> 0 | F6: =SUMPRODUCT((MONTH(Tableau2[Date])=1+COLUMN()-3)*(Tableau2[Type de recette]=Synthèse!$A6)*(Tableau2[Montant])) -> 0 | G6: =SUMPRODUCT((MONTH(Tableau2[Date])=1+COLUMN()-3)*(Tableau2[Type de recette]=Synthèse!$A6)*(Tableau2[Montant])) -> 0 | H6: =SUMPRODUCT((MONTH(Tableau2[Date])=1+COLUMN()-3)*(Tableau2[Type de recette]=Synthèse!$A6)*(Tableau2[Montant])) -> 0 | I6: =SUMPRODUCT((MONTH(Tableau2[Date])=1+COLUMN()-3)*(Tableau2[Type de recette]=Synthèse!$A6)*(Tableau2[Montant])) -> 0 | J6: =SUMPRODUCT((MONTH(Tableau2[Date])=1+COLUMN()-3)*(Tableau2[Type de recette]=Synthèse!$A6)*(Tableau2[Montant])) -> 0 | ... N6: =SUMPRODUCT((MONTH(Tableau2[Date])=1+COLUMN()-3)*(Tableau2[Type de recette]=Synthèse!$A6)*(Tableau2[Montant])) -> 0
A7: Repas au club | C7: =SUMPRODUCT((MONTH(Tableau2[Date])=1+COLUMN()-3)*(Tableau2[Type de recette]=Synthèse!$A7)*(Tableau2[Montant])) -> 0 | D7: =SUMPRODUCT((MONTH(Tableau2[Date])=1+COLUMN()-3)*(Tableau2[Type de recette]=Synthèse!$A7)*(Tableau2[Montant])) -> 0 | E7: =SUMPRODUCT((MONTH(Tableau2[Date])=1+COLUMN()-3)*(Tableau2[Type de recette]=Synthèse!$A7)*(Tableau2[Montant])) -> 0 | F7: =SUMPRODUCT((MONTH(Tableau2[Date])=1+COLUMN()-3)*(Tableau2[Type de recette]=Synthèse!$A7)*(Tableau2[Montant])) -> 0 | G7: =SUMPRODUCT((MONTH(Tableau2[Date])=1+COLUMN()-3)*(Tableau2[Type de recette]=Synthèse!$A7)*(Tableau2[Montant])) -> 0 | H7: =SUMPRODUCT((MONTH(Tableau2[Date])=1+COLUMN()-3)*(Tableau2[Type de recette]=Synthèse!$A7)*(Tableau2[Montant])) -> 0 | I7: =SUMPRODUCT((MONTH(Tableau2[Date])=1+COLUMN()-3)*(Tableau2[Type de recette]=Synthèse!$A7)*(Tableau2[Montant])) -> 0 | J7: =SUMPRODUCT((MONTH(Tableau2[Date])=1+COLUMN()-3)*(Tableau2[Type de recette]=Synthèse!$A7)*(Tableau2[Montant])) -> 0 | ... N7: =SUMPRODUCT((MONTH(Tableau2[Date])=1+COLUMN()-3)*(Tableau2[Type de recette]=Synthèse!$A7)*(Tableau2[Montant])) -> 0
A8: Thés dansants | C8: =SUMPRODUCT((MONTH(Tableau2[Date])=1+COLUMN()-3)*(Tableau2[Type de recette]=Synthèse!$A8)*(Tableau2[Montant])) -> 0 | D8: =SUMPRODUCT((MONTH(Tableau2[Date])=1+COLUMN()-3)*(Tableau2[Type de recette]=Synthèse!$A8)*(Tableau2[Montant])) -> 0 | E8: =SUMPRODUCT((MONTH(Tableau2[Date])=1+COLUMN()-3)*(Tableau2[Type de recette]=Synthèse!$A8)*(Tableau2[Montant])) -> 0 | F8: =SUMPRODUCT((MONTH(Tableau2[Date])=1+COLUMN()-3)*(Tableau2[Type de recette]=Synthèse!$A8)*(Tableau2[Montant])) -> 0 | G8: =SUMPRODUCT((MONTH(Tableau2[Date])=1+COLUMN()-3)*(Tableau2[Type de recette]=Synthèse!$A8)*(Tableau2[Montant])) -> 0 | H8: =SUMPRODUCT((MONTH(Tableau2[Date])=1+COLUMN()-3)*(Tableau2[Type de recette]=Synthèse!$A8)*(Tableau2[Montant])) -> 0 | I8: =SUMPRODUCT((MONTH(Tableau2[Date])=1+COLUMN()-3)*(Tableau2[Type de recette]=Synthèse!$A8)*(Tableau2[Montant])) -> 0 | J8: =SUMPRODUCT((MONTH(Tableau2[Date])=1+COLUMN()-3)*(Tableau2[Type de recette]=Synthèse!$A8)*(Tableau2[Montant])) -> 0 | ... N8: =SUMPRODUCT((MONTH(Tableau2[Date])=1+COLUMN()-3)*(Tableau2[Type de recette]=Synthèse!$A8)*(Tableau2[Montant])) -> 0
A9: Adhésions | C9: =SUMPRODUCT((MONTH(Tableau2[Date])=1+COLUMN()-3)*(Tableau2[Type de recette]=Synthèse!$A9)*(Tableau2[Montant])) -> 100 | D9: =SUMPRODUCT((MONTH(Tableau2[Date])=1+COLUMN()-3)*(Tableau2[Type de recette]=Synthèse!$A9)*(Tableau2[Montant])) -> 0 | E9: =SUMPRODUCT((MONTH(Tableau2[Date])=1+COLUMN()-3)*(Tableau2[Type de recette]=Synthèse!$A9)*(Tableau2[Montant])) -> 0 | F9: =SUMPRODUCT((MONTH(Tableau2[Date])=1+COLUMN()-3)*(Tableau2[Type de recette]=Synthèse!$A9)*(Tableau2[Montant])) -> 0 | G9: =SUMPRODUCT((MONTH(Tableau2[Date])=1+COLUMN()-3)*(Tableau2[Type de recette]=Synthèse!$A9)*(Tableau2[Montant])) -> 0 | H9: =SUMPRODUCT((MONTH(Tableau2[Date])=1+COLUMN()-3)*(Tableau2[Type de recette]=Synthèse!$A9)*(Tableau2[Montant])) -> 850 | I9: =SUMPRODUCT((MONTH(Tableau2[Date])=1+COLUMN()-3)*(Tableau2[Type de recette]=Synthèse!$A9)*(Tableau2[Montant])) -> 560 | J9: =SUMPRODUCT((MONTH(Tableau2[Date])=1+COLUMN()-3)*(Tableau2[Type de recette]=Synthèse!$A9)*(Tableau2[Montant])) -> 600 | ... N9: =SUMPRODUCT((MONTH(Tableau2[Date])=1+COLUMN()-3)*(Tableau2[Type de recette]=Synthèse!$A9)*(Tableau2[Montant])) -> 0
A10: Charges fixes | B10: Dépenses | C10: =SUMPRODUCT((MONTH(Tableau4[Date])=1+COLUMN()-3)*(Tableau4[Type de dépenses]=Synthèse!$A10)*(Tableau4[Montant])) -> 450 | D10: =SUMPRODUCT((MONTH(Tableau4[Date])=1+COLUMN()-3)*(Tableau4[Type de dépenses]=Synthèse!$A10)*(Tableau4[Montant])) -> 500 | E10: =SUMPRODUCT((MONTH(Tableau4[Date])=1+COLUMN()-3)*(Tableau4[Type de dépenses]=Synthèse!$A10)*(Tableau4[Montant])) -> 450 | F10: =SUMPRODUCT((MONTH(Tableau4[Date])=1+COLUMN()-3)*(Tableau4[Type de dépenses]=Synthèse!$A10)*(Tableau4[Montant])) -> 500 | G10: =SUMPRODUCT((MONTH(Tableau4[Date])=1+COLUMN()-3)*(Tableau4[Type de dépenses]=Synthèse!$A10)*(Tableau4[Montant])) -> 450 | H10: =SUMPRODUCT((MONTH(Tableau4[Date])=1+COLUMN()-3)*(Tableau4[Type de dépenses]=Synthèse!$A10)*(Tableau4[Montant])) -> 0 | I10: =SUMPRODUCT((MONTH(Tableau4[Date])=1+COLUMN()-3)*(Tableau4[Type de dépenses]=Synthèse!$A10)*(Tableau4[Montant])) -> 450 | J10: =SUMPRODUCT((MONTH(Tableau4[Date])=1+COLUMN()-3)*(Tableau4[Type de dépenses]=Synthèse!$A10)*(Tableau4[Montant])) -> 0 | ... N10: =SUMPRODUCT((MONTH(Tableau4[Date])=1+COLUMN()-3)*(Tableau4[Type de dépenses]=Synthèse!$A10)*(Tableau4[Montant])) -> 500
A11: Charges variables | C11: =SUMPRODUCT((MONTH(Tableau4[Date])=1+COLUMN()-3)*(Tableau4[Type de dépenses]=Synthèse!$A11)*(Tableau4[Montant])) -> 0 | D11: =SUMPRODUCT((MONTH(Tableau4[Date])=1+COLUMN()-3)*(Tableau4[Type de dépenses]=Synthèse!$A11)*(Tableau4[Montant])) -> 0 | E11: =SUMPRODUCT((MONTH(Tableau4[Date])=1+COLUMN()-3)*(Tableau4[Type de dépenses]=Synthèse!$A11)*(Tableau4[Montant])) -> 0 | F11: =SUMPRODUCT((MONTH(Tableau4[Date])=1+COLUMN()-3)*(Tableau4[Type de dépenses]=Synthèse!$A11)*(Tableau4[Montant])) -> 0 | G11: =SUMPRODUCT((MONTH(Tableau4[Date])=1+COLUMN()-3)*(Tableau4[Type de dépenses]=Synthèse!$A11)*(Tableau4[Montant])) -> 0 | H11: =SUMPRODUCT((MONTH(Tableau4[Date])=1+COLUMN()-3)*(Tableau4[Type de dépenses]=Synthèse!$A11)*(Tableau4[Montant])) -> 75 | I11: =SUMPRODUCT((MONTH(Tableau4[Date])=1+COLUMN()-3)*(Tableau4[Type de dépenses]=Synthèse!$A11)*(Tableau4[Montant])) -> 0 | J11: =SUMPRODUCT((MONTH(Tableau4[Date])=1+COLUMN()-3)*(Tableau4[Type de dépenses]=Synthèse!$A11)*(Tableau4[Montant])) -> 25 | ... N11: =SUMPRODUCT((MONTH(Tableau4[Date])=1+COLUMN()-3)*(Tableau4[Type de dépenses]=Synthèse!$A11)*(Tableau4[Montant])) -> 0
A12: Soldes | C12: =SUM(C3:C9)-SUM(C10:C11) -> 200 | D12: =SUM(D3:D9)-SUM(D10:D11) -> -275 | E12: =SUM(E3:E9)-SUM(E10:E11) -> -250 | F12: =SUM(F3:F9)-SUM(F10:F11) -> -350 | G12: =SUM(G3:G9)-SUM(G10:G11) -> -350 | H12: =SUM(H3:H9)-SUM(H10:H11) -> 775 | I12: =SUM(I3:I9)-SUM(I10:I11) -> 110 | J12: =SUM(J3:J9)-SUM(J10:J11) -> 575 | ... N12: =SUM(N3:N9)-SUM(N10:N11) -> 0
I15: Solde de l'année : | K15: =SUM(C3:N9)-SUM(C10:N11) -> 165

Sheet Recettes
A1: Recettes
A3: Date | B3: Intitulé | C3: Type de recette | D3: Nom de l'émétteur | E3: Montant | F3: Mode d'encaissement | H3: Mode d'encaissement | I3: Types de recettes possibles
A4: 44936 | C4: Adhésions | E4: 100 | H4: Chèque | I4: Dons
A5: 44941 | C5: Dons | E5: 250 | H5: Espèce | I5: Subventions
A6: 44948 | C6: Dons | E6: 300 | H6: Paypal | I6: Adhésions
A7: 44962 | C7: Mécénat | E7: 225 | H7: Virement | I7: Mécénat
A8: 45005 | C8: Subventions | E8: 200 | I8: Bar
A9: 45024 | C9: Subventions | E9: 150 | I9: Repas au club
A10: 45051 | C10: Mécénat | E10: 100 | I10: Thés dansants
A11: 45094 | C11: Adhésions | E11: 850
A12: 45117 | C12: Adhésions | E12: 560
A13: 45140 | C13: Adhésions | E13: 600
A14: 45186 | C14: Dons | E14: 150
A15: 45227 | C15: Mécénat | E15: 350
A16: 45260 | C16: Adhésions | E16: 750
A17: 45262 | C17: Subventions | E17: 500
A18: 45195 | C18: Thés dansants | E18: 200

Sheet Dépenses
A1: Dépenses
A3: Date | B3: Intitulé | C3: Type de dépenses | D3: Montant | E3: Mode de paiement | G3: Mode de paiement | H3: Types de dépenses
A4: 44948 | C4: Charges fixes | D4: 450 | G4: Chèque | H4: Charges fixes
A5: 44972 | C5: Charges fixes | D5: 500 | G5: Espèce | H5: Charges variables
A6: 45007 | C6: Charges fixes | D6: 450 | G6: Virement
A7: 45031 | C7: Charges fixes | D7: 500 | G7: Paypal
A8: 45068 | C8: Charges fixes | D8: 450
A9: 45088 | C9: Charges variables | D9: 35
A10: 45088 | C10: Charges variables | D10: 40
A11: 45129 | C11: Charges fixes | D11: 450
A12: 45149 | C12: Charges variables | D12: 25
A13: 45180 | C13: Charges variables | D13: 620
A14: 45204 | C14: Charges fixes | D14: 600
A15: 45245 | C15: Charges fixes | D15: 500
A16: 45275 | C16: Charges fixes | D16: 500
